AoeStats
← MFL91

Black Forest

506367385Analyzed
4v4 RM · 18d ago on Sep 13, 2026· 53m 11s· 8 players
Game mode
Random Map
Map size
Large (8 player)
Population
200
Speed
Normal
Resources
Standard
Victory
Conquest
Starting age
Dark Age
Ending age
Imperial Age
RankedLock teamsTeams togetherTeam positionsShared explorationLock speedFull tech treeHidden civsTurbo modeCheats
Victory
Defeat
🇦🇪 Magyars · United Arab Emirates
1437
+14
🇭🇰 Bohemians · Hong Kong SAR China
1414
+15
🇪🇸 Persians · Spain
1402
+16
🇮🇹 Britons · Italy
1349
+18
🇷🇴 Bohemians · Romania
1468
-19
🇷🇴 Britons · Romania
1432
-17
🇷🇴 Portuguese · Romania
1362
-14
🇬🇧 Malians · United Kingdom
1328
-13
Mihail
0:47 Loom
11:21 Feudal Age
17:40 Castle Age
18:39 Double-Bit Axe
20:18 Fletching
21:19 Bodkin Arrow
23:20 Stone Mining
25:56 Horse Collar
27:28 Wheelbarrow
29:46 Bow Saw
32:58 Imperial Age
32:34 Yeomen
33:14 Ballistics
32:58 Gold Mining
34:01 Bracer
36:39 Chemistry
37:36 Padded Archer Armor
37:52 Town Watch
38:25 Elite Longbowman
42:33 Treadmill Crane
45:19 Conscription
48:41 Scale Barding Armor
49:21 Hand Cart
50:29 Chain Barding Armor
49:32 Light Cavalry
50:13 Husbandry
50:15 Guard Tower
51:46 Keep
50:57 Arrowslits
51:44 Siege Engineers
51:52 Masonry
53:06 Plate Barding Armor
Hartung
0:52 Loom
14:45 Feudal Age
15:25 Double-Bit Axe
18:24 Castle Age
17:27 Forging
18:47 Town Watch
22:48 Scale Mail Armor
24:04 Iron Casting
31:35 Chain Mail Armor
35:47 Scale Barding Armor
37:15 Bloodlines
Tudorica
7:34 Loom
13:01 Feudal Age
13:52 Gold Mining
15:25 Fishing Lines
18:30 Castle Age
16:27 Double-Bit Axe
16:26 Horse Collar
20:24 Scale Barding Armor
24:20 Husbandry
28:51 Heavy Plow
29:09 Bow Saw
29:28 Forging
29:45 Chain Barding Armor
29:38 Forging
30:32 Wheelbarrow
31:36 Fishing Lines
33:07 Pikeman
33:32 Arson
34:03 Bloodlines
37:11 Imperial Age
34:57 Hand Cart
34:27 Town Watch
35:01 Bloodlines
35:08 Stone Mining
37:04 Iron Casting
36:30 Scale Mail Armor
36:24 Gambesons
37:15 Halberdier
38:43 Conscription
38:30 Arquebus
39:51 Blast Furnace
39:07 Chain Mail Armor
40:21 Caravan
41:55 Chemistry
41:01 Siege Engineers
41:55 Ballistics
41:57 Treadmill Crane
43:51 Plate Mail Armor
mihai.flacaul
1:04 Loom
13:16 Feudal Age
14:03 Fishing Lines
14:10 Double-Bit Axe
14:08 Horse Collar
20:17 Castle Age
21:12 Gillnets
21:39 Bow Saw
21:35 Padded Archer Armor
23:19 Chemistry
23:53 Leather Archer Armor
30:17 Imperial Age
28:55 Heavy Plow
30:28 Houfnice
36:08 Siege Engineers
38:31 Ring Archer Armor
43:14 Wheelbarrow
43:44 Wagenburg Tactics
44:00 Conscription
47:34 Illumination
KIRA
12:32 Feudal Age
16:06 Castle Age
14:04 Double-Bit Axe
14:01 Horse Collar
17:12 Bow Saw
17:21 Heavy Plow
21:06 Wheelbarrow
21:13 Loom
21:13 Town Watch
25:23 Hand Cart
25:04 Gold Mining
26:28 Scale Barding Armor
26:35 Forging
30:36 Imperial Age
29:18 Chain Barding Armor
29:33 Iron Casting
29:33 Husbandry
29:43 Bloodlines
31:41 Plate Barding Armor
30:44 Cavalier
34:24 Hoardings
35:44 Blast Furnace
34:57 Savar
37:21 Heavy Camel Rider
39:50 Conscription
39:00 Light Cavalry
41:41 Gold Shaft Mining
40:57 Stone Mining
43:49 Hussar
46:45 Citadels
47:14 Hoardings
47:43 Capped Ram
48:48 Siege Ram
Spada_Arancio
0:26 Loom
14:24 Feudal Age
20:51 Castle Age
19:40 Double-Bit Axe
20:11 Horse Collar
24:15 Wheelbarrow
24:48 Town Watch
27:46 Fletching
38:05 Bodkin Arrow
41:10 Padded Archer Armor
40:49 Crossbowman
43:58 Ballistics
MFL91
0:30 Loom
12:41 Feudal Age
14:38 Horse Collar
23:19 Castle Age
28:15 Fletching
28:54 Bodkin Arrow
42:35 Imperial Age
40:38 Elite Skirmisher
41:50 Padded Archer Armor
42:59 Leather Archer Armor
43:24 Bracer
43:46 Ballistics
44:26 Chemistry
明月清风
1:44 Loom
12:15 Feudal Age
16:05 Castle Age
14:20 Double-Bit Axe
14:55 Horse Collar
18:11 Fervor
20:21 Town Watch
21:24 Bow Saw
24:09 Wheelbarrow
31:10 Imperial Age
31:54 Chemistry
30:17 Pikeman
30:59 Squires
31:10 Scale Mail Armor
31:21 Forging
31:26 Masonry
31:29 Halberdier
32:27 Chain Mail Armor
31:55 Houfnice
33:51 Iron Casting
34:08 Plate Mail Armor
34:30 Sanctity
35:23 Two-Man Saw
34:30 Heavy Plow
34:50 Guilds
35:13 Coinage
34:54 Guilds
35:09 Wagenburg Tactics
35:25 Conscription
36:30 Blast Furnace
37:55 Banking
37:45 Caravan
48:06 Ballistics
48:17 Architecture
47:58 Siege Engineers
48:29 Architecture
48:20 Ballistics
50:27 Murder Holes
51:27 Elite Hussite Wagon
Connection lost

Rejoining the realm…

Still unreachable

The connection could not be restored.

Session expired

The server has moved on; the page needs a fresh start.